 Dungeon Crawl Stone Soup version 0.24.0-123-gd5b16e6ec5 (webtiles) character file.

Game seed: 217116936228102552, levelgen mode: deterministic

69 Elellon the Skirmisher (level 4, 0/40 HPs)
             Began as a Hill Orc Fighter on Jan 4, 2020.
             Slain by an ogre
             ... wielding a +0 giant club
              (19 damage)
             ... on level 4 of the Dungeon.
             The game lasted 00:02:27 (1479 turns).

Elellon the Skirmisher (Hill Orc Fighter)           Turns: 1479, Time: 00:02:27

Health: 0/40       AC:  7    Str: 19    XL:     4   Next: 20%
Magic:  4/4        EV:  7    Int:  8    God:
Gold:   132        SH:  9    Dex: 10    Spells: 3/3 levels left

rFire    . . .     SeeInvis .   m - +0 whip (venom)
rCold    . . .     Gourm    .   c - +0 shield
rNeg     . . .     Faith    .   b - +0 scale mail
rPois    .         Spirit   .   (no helmet)
rElec    .         Reflect  .   (no cloak)
rCorr    .         Harm     .   (no gloves)
MR       .....                  (no boots)
Stlth    ..........             (no amulet)
HPRegen  0.13/turn              (no ring)
MPRegen  0.09/turn              (no ring)

@: no status effects
A: no striking features
a: no special abilities


You were on level 4 of the Dungeon.
You were hungry.

You visited 1 branch of the dungeon, and saw 3 of its levels.

You collected 132 gold pieces.

Inventory:

Hand Weapons
 a - a +0 war axe
 m - a +0 whip of venom (weapon)
Armour
 b - a +0 scale mail (worn)
 c - a +0 shield (worn)
 p - a +0 scale mail
Wands
 o - a wand of flame (11)
Scrolls
 h - 2 scrolls of teleportation {unknown}
 i - 3 scrolls of identify {unknown}
 l - 2 scrolls of remove curse {unknown}
Potions
 d - a potion of might
 e - 2 potions of heal wounds {unknown}
 g - a potion of magic {unknown}
 j - 3 potions of flight {unknown}
 k - a potion of curing {unknown}
 n - 2 potions of haste {unknown}
Comestibles
 f - 3 rations


   Skills:
 + Level 4.1 Fighting
 - Level 3.3(3.5) Axes
 + Level 1.0(2.0) Maces & Flails
 + Level 4.0 Armour
 + Level 4.0 Shields


You had 3 spell levels left.
You didn't know any spells.
Your spell library was empty.

Dungeon Overview and Level Annotations

Branches:
Dungeon (2/15)

Altars:


Message History

Your Armour skill increases to level 4!
No target in view!
You open the door.
You fall into a shaft and drop 2 floors!
The shaft crumbles and collapses.
Found a scroll labeled MOTIOPUHOB, 12 stones and a leather armour.
l - 2 scrolls labeled MOTIOPUHOB (gained 1)
A howler monkey comes into view.
An ogre comes into view. It is wielding a +0 giant club.
The ogre shouts!
Found 5 gold pieces.
The ogre barely misses you.
You hit the ogre.
The ogre is poisoned.
The ogre is lightly wounded.
You hit the ogre but do no damage.
The ogre looks as sick as possible!
The ogre is lightly wounded.
The ogre hits you with a +0 giant club!!
Ouch! That really hurt!
The ogre hits you with a +0 giant club!!
You die...

..# ..# #.# #.# $..
#.# #.# #O####
#.@..# ####.# #.#
####.#######
#..........#
#..........########
#(.................
#.[........########
############


You could see an ogre.

Vanquished Creatures
  3 gnolls (D:2)
  3 dart slugs (D:2)
  4 giant cockroaches
  5 goblins
  2 hobgoblins
  A quokka (D:2)
  6 bats
  2 frilled lizards (D:2)
  4 kobolds (D:1)
  5 rats
35 creatures vanquished.

Notes
Turn   | Place    | Note
-------+----------+-------------------------------------------
     0 | D:1      | Elellon the Hill Orc Fighter began the quest for the Orb.
     0 | D:1      | Reached XP level 1. HP: 19/19 MP: 1/1
   163 | D:1      | Reached XP level 2. HP: 27/27 MP: 2/2
   978 | D:2      | Reached XP level 3. HP: 33/33 MP: 3/3
  1175 | D:2      | Reached skill level 1 in Maces & Flails
  1175 | D:2      | Reached XP level 4. HP: 26/40 MP: 4/4
  1405 | D:2      | You fall into a shaft and drop 2 floors!
  1473 | D:4      | Noticed an ogre
  1479 | D:4      | Slain by an ogre

Levels and vault maps discovered:
D:1:      lightli_arrival_quake, layout_loops_cross
D:2:      layout_loops_corners, nicolae_overflow_hidden_temple, minivault_27,
          uniq_jessica
D:4:      layout_rooms, first_ration

Skill      XL: |  1  2  3  4 |
---------------+-------------+-----
Axes           | 3 |  3.3
Fighting       | 4 |  4.1
Maces & Flails | 1 |  1.0
Shields        | 4 |  4.0
Armour         | 4 |  4.0

Action                   |  1- 3 |  4- 6 || total
-------------------------+-------+-------++-------
Melee: War axe           |    45 |       ||    45
       Whip              |    49 |    12 ||    61
  Eat: Chunk             |     1 |       ||     1
Armor: Scale mail        |    39 |     1 ||    40
Dodge: Dodged            |    29 |     3 ||    32
Block: Shield            |    55 |     2 ||    57
